 Dungeon Crawl Stone Soup version 0.30-a0-161-gdd60e06945 (webtiles) character file.

Game seed: 16078817320875619120

80 qw the Chopper (level 4, 0/28 HPs)
             Began as a Gargoyle Fighter on Sept 27, 2022.
             Slain by a goblin
             ... wielding the +9 long sword of Vanity {spect, rC+}
              (9 damage)
             ... on level 2 of the Dungeon.
             The game lasted 00:00:25 (1649 turns).

qw the Chopper (Gargoyle Fighter)                   Turns: 1649, Time: 00:00:26

Health: 0/28       AC: 10    Str: 22    XL:     4   Next: 39%
Magic:  4/4        EV:  9    Int:  8    God:
Gold:   48         SH:  4    Dex:  9    Spells: 3/3 levels left

rFire   . . .      SeeInvis .    a - +0 war axe
rCold   . . .      Faith    .    c - +0 buckler
rNeg    + . .      Spirit   .    b - +0 scale mail
rPois   inf        Reflect  .    (no helmet)
rElec   +          Harm     .    (no cloak)
rCorr   .          Rampage  .    (no gloves)
Will    .....                    (no boots)
Stlth   ..........               j - amulet of the acrobat
HPRegen 0.09/turn                (no ring)
MPRegen 0.09/turn                (no ring)

@: no status effects
A: sickness immunity, AC +3, negative energy resistance 1, electricity
resistance, torment resistance 1, petrification resistance
a: no special abilities


You were on level 2 of the Dungeon.
You visited 1 branch of the dungeon, and saw 2 of its levels.

You collected 48 gold pieces.


Innate Abilities, Weirdness & Mutations

You are immune to sickness and miasma.
Your stone body is resilient. (AC +3)
You are immune to poison.
You resist negative energy. (rN+)
You are resistant to electric shocks. (rElec)
You are resistant to unholy torment.
You are immune to petrification.


   Skills:
 - Level 3.2 Fighting
 + Level 3.8 Axes
 - Level 1.1 Throwing
 - Level 3.2 Armour
 - Level 3.2 Shields


You had 3 spell levels left.
You didn't know any spells.
Your spell library was empty.

Inventory:

Hand Weapons
 a - a +0 war axe (weapon)
 h - a +0 club
Armour
 b - a +0 scale mail (worn)
 c - a +0 buckler (worn)
 m - a +0 helmet
Jewellery
 j - an amulet of the acrobat (around neck)
Scrolls
 l - a scroll of poison {unknown}
 n - a scroll of enchant armour {unknown}
 o - a scroll of butterflies {unknown}
Potions
 d - a potion of might
 f - a potion of resistance {unknown}
 g - a potion of curing {unknown}
 i - a potion of lignification {unknown}
 k - a potion of berserk rage {unknown}

Dungeon Overview and Level Annotations

Branches:
Dungeon (2/15)

Altars:


Message History

The worm bites you.
You hit the worm.
The worm is heavily wounded.
You barely miss the endoplasm. The endoplasm freezes you.
You are frozen.
The endoplasm freezes you.
You are frozen.
You barely miss the worm.
The worm is heavily wounded.
The adder hisses angrily.
You hit the endoplasm. You block the endoplasm's attack.
The worm bites you but does no damage.
You slash the endoplasm!
You kill the endoplasm!
You hit the worm. The worm closely misses you.
You barely miss the worm.
The worm is severely wounded.
The worm bites you!
You barely miss the worm.
The worm is severely wounded.
The adder bites you.
You slash the worm!
You kill the worm!
You miss the adder.
The adder bites you but does no damage. x2
You completely miss the adder.
The goblin shouts!
The adder closely misses you.
You barely miss the adder. You block the adder's attack.
The adder barely misses you.
You closely miss the adder. The adder closely misses you.
The adder barely misses you.
You hit the adder.
The adder is heavily wounded.
You barely miss the goblin. The adder barely misses you.
The goblin hits you with the +9 long sword of Vanity {spect, rC+}!
You die...

...#####.. #.
###........ .## g..
##....#####..
..##.##... #......
..#.#(.# ........%
#.#.#.# .........
.....# .........
#gS.# .........
#@).###...........
#...#.............
##.##...........##
#.# ......###.## #.#
#.##.#...... #.#
#.##.#...... #.##
#.%.........
#..###%..........
######......###......


You could see an adder and a goblin.

Vanquished Creatures
  Robin (D:2)
  2 adders (D:2)
  A worm (D:2)
  A dart slug (D:1)
  4 ball pythons
  5 endoplasms
  A giant cockroach (D:2)
  10 goblins
  5 hobgoblins
  2 quokkas
  4 bats
  2 frilled lizards
  2 kobolds (D:1)
  3 rats
43 creatures vanquished.

Vanquished Creatures (others)
  A plant (D:1)
1 creature vanquished.

Grand Total: 44 creatures vanquished

Notes
Turn   | Place    | Note
-------+----------+-------------------------------------------
     0 | D:1      | qw the Gargoyle Fighter began the quest for the Orb.
     0 | D:1      | Reached XP level 1. HP: 14/14 MP: 1/1
     0 | D:1      | 0 ||| qw: Version: 0.2-a-10-g37ed214
     0 | D:1      | 0 ||| qw: Game counter: 638
     0 | D:1      | 0 ||| qw: Always use a shield: true
     0 | D:1      | 0 ||| qw: God list: Okawaru
     0 | D:1      | 0 ||| qw: Allow faded altars: false
     0 | D:1      | 0 ||| qw: Do Orc after D:15 true
     0 | D:1      | 0 ||| qw: Do second Lair branch before Depths: true
     0 | D:1      | 0 ||| qw: Lair rune preference: random
     0 | D:1      | 0 ||| qw: Plans: Normal, Zot:1-4, God:TSO, Crypt, Tomb,
                  | Pan, Slime:5, Hells, Abyss, Orb
     0 | D:1      | 0 ||| PLANNING D:1-11
    20 | D:1      | 20 ||| Stepping ~*~*~tactically~*~*~ (stealth).
   262 | D:1      | Reached XP level 2. HP: 19/19 MP: 2/2
   852 | D:1      | Reached skill level 3 in Axes
  1193 | D:1      | 1193 ||| UPGRADING to amulet of the acrobat.
  1228 | D:2      | 1228 ||| Stepping ~*~*~tactically~*~*~ (stealth).
  1232 | D:2      | Noticed Robin
  1233 | D:2      | 1233 ||| Stepping ~*~*~tactically~*~*~ (hiding).
  1236 | D:2      | Reached XP level 3. HP: 22/23 MP: 3/3
  1245 | D:2      | Reached skill level 1 in Throwing
  1250 | D:2      | Killed Robin
  1255 | D:2      | Reached XP level 4. HP: 11/28 MP: 4/4
  1257 | D:2      | HP: 7/28 [hobgoblin[Robin] (4)]
  1635 | D:2      | 1635 ||| Stepping ~*~*~tactically~*~*~ (stealth).
  1645 | D:2      | Identified the +9 long sword of Vanity {spect, rC+}
  1649 | D:2      | Slain by a goblin

Levels and vault maps discovered:
D:1:      minmay_arrival_statue_studded, layout_basic, serial_forest,
          infiniplex_forest_clump_small, infiniplex_forest_corner_2,
          infiniplex_forest_lined_3, infiniplex_forest_corner_2,
          infiniplex_forest_side_room, infiniplex_forest_clump_small
D:2:      minmay_general_purpose_star, layout_rooms, dk_vineyard_3, uniq_robin

Skill      XL: |  1  2  3 |
---------------+----------+-----
Axes           | 2 3 |  3.8
Throwing       | 1 |  1.1
Fighting       | |  3.2
Armour         | |  3.2
Shields        | |  3.2

Action                   |  1- 3 |  4- 6 || total
-------------------------+-------+-------++-------
Melee: War axe           |    51 |    28 ||    79
Throw: Javelin           |    18 |     8 ||    26
Armor: Scale mail        |    42 |     9 ||    51
Dodge: Dodged            |    27 |    14 ||    41
Block: Buckler           |    13 |     5 ||    18

Table legend:
 A = Non-vault XP
 B = Vault XP
 C = Vault XP percentage of total XP
 D = Non-vault monster count
 E = Vault monster count
 F = Vault count percentage of total count
                 A         B        C        D         E       F
            +---------+---------+-------+---------+---------+-------
      Total |      71 |      44 |  38.3 |      29 |      14 |  32.6
            +---------+---------+-------+---------+---------+-------
        D:1 |      30 |       0 |   0.0 |      17 |       0 |   0.0
        D:2 |      41 |      44 |  51.8 |      12 |      14 |  53.8
            +---------+---------+-------+---------+---------+-------
